 Dungeon Crawl Stone Soup version 0.30-b1-2-g02819fbbbe (webtiles) character file.

Game seed: 7762747950285374172

364 redmage the Digger (level 7, -21/50 HPs)
             Began as a Meteoran Earth Elementalist on Aug 1, 2023.
             Was an Initiate of Sif Muna.
             Demolished by a two-headed ogre
             ... wielding a +0 giant club
              (26 damage)
             ... on level 8 of the Dungeon.
             The game lasted 00:07:52 (599 turns).

redmage the Digger (Meteoran Earth Elementalist)     Turns: 599, Time: 00:07:53

Health: -21/50     AC:  3    Str:  9    XL:     7   Next: 20%
Magic:  3/14       EV: 12    Int: 18    God:    Sif Muna [......]
Gold:   74         SH:  0    Dex: 16    Spells: 8/14 levels left

rFire   . . .        (no weapon)
rCold   . . .        (no shield)
rNeg    . . .        a - +0 robe
rPois   .            e - +1 hat
rElec   .            (no cloak)
rCorr   .            (no gloves)
SInv    .            (no boots)
Will    .....        (no amulet)
Stlth   +            (no ring)
HPRegen 0.28/turn    (no ring)
MPRegen 0.14/turn

%: no passive effects
@: glowing
A: sense surroundings 1, otherworldly, glowing, explore regen
a: Renounce Religion


You were on level 8 of the Dungeon.
You worshipped Sif Muna.
Sif Muna was noncommittal.
You visited 2 branches of the dungeon, and saw 9 of its levels.

You collected 74 gold pieces.

Inventory:

Missiles
 f - 2 silver boomerangs
Armour
 a - a +0 robe (worn)
 e - a +1 hat (worn)
Scrolls
 c - 2 scrolls of magic mapping
 g - 3 scrolls of poison
 i - a scroll of identify
Potions
 b - 2 potions of magic
 d - 2 potions of mutation
 h - a potion of heal wounds


   Skills:
 - Level 2.4 Dodging
 - Level 1.4 Stealth
 - Level 4.0 Spellcasting
 * Level 3.9 Conjurations
 - Level 3.3 Transmutations
 + Level 6.2 Earth Magic


You had 8 spell levels left.
You knew the following spells:

 Your Spells              Type           Power      Damage    Failure   Level
a - Sandblast             Erth           52%        2d12      1%          1
b - Passwall              Tmut/Erth      16%        N/A       3%          2
c - Stone Arrow           Conj/Erth      42%        3d9       5%          3

Your spell library contained the following spells:

 Spells                   Type           Power      Damage    Failure   Level
 Petrify                  Tmut/Erth      20%        N/A       21%         4


Dungeon Overview and Level Annotations

Branches:
Dungeon (8/15) Zot: 4224   Temple (1/1) D:7 Zot: 546
   Lair: D:8-11

Altars:
Ashenzari
Dithmenos
Elyvilon
Fedhas
Gozag
Hepliaklqana
Kikubaaqudgha
Makhleb
Nemelex Xobeh
Qazlal
Ru
Sif Muna
Uskayaw
Vehumet
Wu Jian
Xom
Yredelemnul
Zin
The Shining One

Shops:
D:1 =


Innate Abilities, Weirdness & Mutations

You passively map a small area around you.
You are easily found by Zot.
You glow in the dark.
You regain HP and MP as you explore.


Message History

Aiming: Stone Arrow (dangerous; 5% risk of failure)
Press: ? - help, Shift-Dir - straight line, f - two-headed ogre
Aim: a two-headed ogre, wielding two +0 giant clubs (86% to hit)
The stone arrow hits the two-headed ogre!
The two-headed ogre is moderately wounded.
The two-headed ogre completely misses you.
The two-headed ogre hits you with a +0 giant club!!
Ouch! That really hurt!
You hear a loud, deep croak!
Casting: Stone Arrow (dangerous; 5% risk of failure)
Confirm with . or Enter, or press ? or * to list all spells.
Aiming: Stone Arrow (dangerous; 5% risk of failure)
Press: ? - help, Shift-Dir - straight line, f/p - two-headed ogre
Aim: a two-headed ogre, wielding two +0 giant clubs (moderately wounded, 86% to hit)
The stone arrow hits the two-headed ogre!
The two-headed ogre is heavily wounded.
A bullfrog comes into view.
The two-headed ogre hits you with a +0 giant club!
* * * LOW HITPOINT WARNING * * *
The two-headed ogre barely misses you.
Casting: Stone Arrow (dangerous; 5% risk of failure)
Confirm with . or Enter, or press ? or * to list all spells.
Aiming: Stone Arrow (dangerous; 5% risk of failure)
Press: ? - help, Shift-Dir - straight line, f/p - two-headed ogre
Aim: a two-headed ogre, wielding two +0 giant clubs (heavily wounded, 86% to hit)
The stone arrow hits the two-headed ogre!
The two-headed ogre is almost dead.
The bullfrog hits you.
* * * LOW HITPOINT WARNING * * *
Casting: Stone Arrow (dangerous; 5% risk of failure)
Confirm with . or Enter, or press ? or * to list all spells.
Aiming: Stone Arrow (dangerous; 5% risk of failure)
Press: ? - help, Shift-Dir - straight line, f/p - two-headed ogre
Aim: a two-headed ogre, wielding two +0 giant clubs (almost dead, 86% to hit)
The stone arrow hits the two-headed ogre.
The two-headed ogre is almost dead.
The bullfrog barely misses you.
The two-headed ogre hits you with a +0 giant club!!
Ouch! That really hurt!
You die...

* , * , #. * , ,,
#. * * * * ,#, ..
* * *.##. * * * ,,
... * , * *
##.###########.# *
,*
#.FO.....<.....#
...#.@...#########
* #.###.####### *
, ...* #........,
* *
.....###.#######
#...$...........#
#.............#.#
, *
#.....##.####<#,
** ...... #. #.#
*, , * * *#. #.#,


You could see a two-headed ogre and a bullfrog.

Vanquished Creatures
  A wyvern (D:7)
  A scorpion (D:5)
  A hound (D:6)
  A jelly (D:5)
  An iguana (D:5)
  4 adders
  A river rat (D:6)
  6 orcs
  A bat (D:1)
  An endoplasm (D:2)
  3 goblins
  A hobgoblin (D:1)
  A kobold (D:2)
  A ball python (D:4)
  4 rats
28 creatures vanquished.

Vanquished Creatures (others)
  19 plants (D:6)
19 creatures vanquished.

Grand Total: 47 creatures vanquished

Notes
Turn   | Place    | Note
-------+----------+-------------------------------------------
     0 | D:1      | redmage the Meteoran Earth Elementalist began the quest for
                  | the Orb.
     0 | D:1      | Reached XP level 1. HP: 14/14 MP: 5/5
     6 | D:1      | Found Viem's Jewellery Shop.
    78 | D:1      | Reached skill level 4 in Earth Magic
    78 | D:1      | Reached XP level 2. HP: 17/20 MP: 2/7
   106 | D:2      | Reached XP level 3. HP: 26/26 MP: 1/8
   186 | D:2      | Learned a level 2 spell: Passwall
   190 | D:2      | Learned a level 3 spell: Stone Arrow
   220 | D:4      | Reached XP level 4. HP: 33/33 MP: 7/9
   225 | D:4      | Noticed a scorpion
   235 | D:5      | Entered Level 5 of the Dungeon
   238 | D:5      | Killed a scorpion
   239 | D:5      | Reached skill level 5 in Earth Magic
   239 | D:5      | Reached XP level 5. HP: 31/38 MP: 7/11
   306 | D:5      | Reached skill level 1 in Conjurations
   306 | D:5      | Reached XP level 6. HP: 36/45 MP: 6/13
   363 | D:6      | Noticed a sky beast
   454 | D:7      | Noticed a wyvern
   477 | D:7      | Killed a wyvern
   478 | D:7      | Reached skill level 6 in Earth Magic
   478 | D:7      | Reached XP level 7. HP: 25/50 MP: 0/14
   492 | D:7      | Found a staircase to the Ecumenical Temple.
   503 | Temple   | Entered the Ecumenical Temple
   544 | Temple   | Became a worshipper of Sif Muna the Loreminder
   594 | D:8      | Noticed a two-headed ogre
   599 | D:8      | Demolished by a two-headed ogre

Illustrated notes

Levels and vault maps discovered:
D:1:      scummos_arrival_simple_crosswalls, layout_loops_ring, serial_shops,
          shop, amcnicky_mini_rare_corridor_liquid
D:2:      layout_loops_corners, basic_altar
D:3:      layout_loops_ring, lemuel_crystal_altar, gammafunk_ghost_mausoleum,
          hellmonk_no_cap, uniq_natasha, uniq_robin, uniq_crazy_yiuf_cottage,
          uniq_ijyb
D:4:      wad_river_or_something, layout_gridville, gammafunk_ghost_cemetery,
          serial_bayou_crossing
D:5:      layout_gridville, nicolae_figureground_sparkle
D:6:      wad_woods_stonehenge, layout_basic, okawaru_altar_gauntlet_db,
          hangedman_decor_push, dreamdust_princess_corridor,
          chequers_serial_rivers_room_b, minmay_misc_feat_tower, uniq_duvessa
D:7:      layout_loops_ring, mainiacjoe_overflow_six_doors_small,
          minmay_temple_entry_glassed_door
D:8:      layout_loops_ring, nzn_ghost_randoct
Temple:   compressed_dpeg_triangle_lava_temple

Skill      XL: |  1  2  3  4  5  6 |
---------------+-------------------+-----
Spellcasting   | 3 4 |  4.0
Earth Magic    | 4 5 6 |  6.2
Transmutations | 2 3 |  3.3
Conjurations   | 1 3 |  3.9
Dodging        | |  2.4
Stealth        | |  1.4

Action                     |  1- 3 |  4- 6 |  7- 9 || total
---------------------------+-------+-------+-------++-------
   Cast: Sandblast         |    24 |    32 |       ||    56
         Stone Arrow       |       |     3 |     4 ||     7
    Use: Scroll            |       |     3 |     1 ||     4
 Armour: Robe              |     1 |     4 |       ||     5
  Dodge: Dodged            |     5 |     9 |     3 ||    17
